Predators vs Senateurs

Created - April 26, 2019 at 23:22

Goals
1 2 3 T
Predators 0 1 1 2
Senateurs 2 0 1 3
Shots
1 2 3 T
Predators 8 12 10 30
Senateurs 13 13 14 40

1st period

1. Senateurs , Chris Kunitz 12 (Martin Erat 3, Cody Franson 21) at 14:55
2. Senateurs , Radim Vrbata 9 (Dan Hamhuis 28) at 15:40

Penalties :
Alexander Ovechkin (Nas) for Slashing (Minor) at 8:37, Radim Vrbata (Ott) for High sticking (Minor) at 19:00

2nd period

3. Predators , Alexander Ovechkin 27 (Mikael Granlund 43) at 19:54

Penalties :
Colby Armstrong (Ott) for Goalie Interference (Minor) at 3:10, Cody Franson (Ott) for Cross-checking (Minor) at 5:28, Alexander Ovechkin (Nas) for Holding (Minor) at 5:37, Cody Franson (Ott) for Hooking (Minor) at 13:09

3rd period

4. Predators , Brendan Gallagher 18 (Alexander Steen 12, Andy Miele 9) at 8:19
5. Senateurs , Thomas Vanek 31 (Evgeni Malkin 56, Karl Alzner 18) at 13:32

Penalties :
Alexander Edler (Nas) for Hooking (Minor) at 8:38, James Van Riemsdyk (Nas) for Hooking (Minor) at 13:50, Byron Bitz (Nas) for Roughing (Minor) at 19:32

Goalie Stats

Viktor Fasth (Nas), 37 saves from 40 shots - (0.925), L, 41-20-4, 60:00 minutes
Ondrej Pavelec (Ott), 28 saves from 30 shots - (0.933), W, 30-26-4, 60:00 minutes

Players Stats for Predators

Player Name              G  A  P  +/- PIM S  H  SB GA TA FO     MP     PP MP  PK MP  
------------------------------------------------------------------------------------
Adam Burish              0  0  0  -1  0   1  2  0  0  0  0/0    12:47   0:00   4:07 
Alexander Edler          0  0  0   0  2   2  0  1  1  1  0/0    26:28   3:30   2:24 
Alexander Ovechkin       1  0  1   0  4   3  3  0  2  1  0/2    20:00   3:37   0:33 
Alexander Steen          0  1  1   1  0   1  3  0  1  0  0/0    11:42   2:28   0:12 
Andy Miele               0  1  1   1  0   2  1  0  0  0  5/6    10:17   0:00   1:38 
Anton Gustafsson         0  0  0  -1  0   1  0  0  1  0  1/4     8:02   0:00   0:00 
Brendan Gallagher        1  0  1   1  0   2  3  1  0  1  0/1    12:54   2:28   1:01 
Byron Bitz               0  0  0  -1  2   0  1  0  0  0  1/2    14:09   0:00   1:38 
Dmitri Kalinin           0  0  0   0  0   3  0  2  0  0  0/0    12:35   0:00   0:55 
James Van Riemsdyk       0  0  0  -1  2   1  4  0  2  0  1/1    13:09   0:00   0:00 
John Moore               0  0  0  -1  0   0  0  0  0  0  0/0    20:48   2:36   3:14 
Justin Abdelkader        0  0  0  -1  0   0  0  0  1  0  0/0     9:07   0:00   0:03 
Michal Rozsival          0  0  0   0  0   2  2  2  1  3  0/0    14:53   0:00   2:17 
Mikael Granlund          0  1  1   0  0   3  2  0  0  0  13/31  20:49   3:38   0:14 
Niclas Bergfors          0  0  0   0  0   4  1  0  1  3  2/4    18:56   3:38   0:00 
Ryan Kesler              0  0  0  -1  0   3  2  0  1  0  10/22  19:16   2:28   3:40 
Ryan Mcdonagh            0  0  0   0  0   2  1  0  0  0  0/0    28:23   3:30   4:10 
Ryan Murray              0  0  0  -1  0   0  0  0  0  0  0/0    17:17   2:36   0:06 

Players Stats for Senateurs

Player Name              G  A  P  +/- PIM S  H  SB GA TA FO     MP     PP MP  PK MP  
------------------------------------------------------------------------------------
Brandon Dubinsky         0  0  0   1  0   1  2  0  2  1  2/4    10:17   0:00   0:25 
Brooks Orpik             0  0  0  -1  0   0  0  0  0  1  0/0    12:14   0:00   1:24 
Carlo Colaiacovo         0  0  0   1  0   2  1  0  0  3  0/0    20:12   2:06   2:20 
Chris Kunitz             1  0  1   1  0   3  0  0  0  0  1/1    10:17   0:00   0:25 
Cody Franson             0  1  1   1  4   3  2  0  0  1  0/0    27:00   4:27   2:22 
Cody Hodgson             0  0  0   0  0   1  0  0  0  0  0/4     9:27   0:00   0:00 
Colby Armstrong          0  0  0   0  2   1  1  0  3  0  2/2    16:34   2:37   0:00 
Dan Hamhuis              0  1  1   1  0   1  0  0  0  1  0/0    28:58   4:27   3:46 
Daniel Briere            0  0  0   0  0   1  2  0  0  2  12/17  19:55   2:37   4:09 
Evgeni Malkin            0  1  1   0  0   6  1  0  2  0  23/44  23:42   3:50   4:09 
Karl Alzner              0  1  1   1  0   4  1  1  0  1  0/0    20:12   2:06   2:20 
Marian Hossa             0  0  0   0  0   6  1  0  1  0  0/0    18:20   3:56   1:32 
Martin Erat              0  1  1   1  0   2  0  0  0  0  0/0     9:10   0:00   0:00 
Radim Vrbata             1  0  1   0  2   1  1  2  0  0  0/1     9:31   0:00   0:00 
Ramzi Abid               0  0  0   0  0   1  0  1  0  0  0/0     9:15   0:00   0:00 
Sergei Kostitsyn         0  0  0   0  0   2  2  1  0  0  0/0    14:30   2:37   0:00 
Thomas Vanek             1  0  1   0  0   4  1  0  1  0  0/0    20:21   3:56   1:32 
Vladimir Mihalik         0  0  0  -1  0   1  0  0  0  1  0/0    12:05   0:06   0:00 

3 Stars

1 - Brendan Gallagher (Nas)
2 - Chris Kunitz (Ott)
3 - Thomas Vanek (Ott)

Power Play

Predators - 0 on 4 Attempt(s) - 0.00%
Senateurs - 0 on 5 Attempt(s) - 0.00%

Penalty Kill

Predators - 5 on 5 Attempt(s) - 100.00% - Score 0 goal in Penalty Kill
Senateurs - 4 on 4 Attempt(s) - 100.00% - Score 0 goal in Penalty Kill

Team Stat

Predators - Hits : 25 - Faceoff Wins : 33 - Blocked Shots : 6 - Penalty Minutes : 10
Senateurs - Hits : 15 - Faceoff Wins : 40 - Blocked Shots : 5 - Penalty Minutes : 8

Official

Referees : Unknown
Linesman : Unknown

Game Notes

No Game Note

Finance

Level 1 -- Attendance: 6000 (100.00%) -- Ticket Income $498,000
Level 2 -- Attendance: 5000 (100.00%) -- Ticket Income $265,000
Level 3 -- Attendance: 2000 (100.00%) -- Ticket Income $66,000
Level 4 -- Attendance: 3945 (98.63%) -- Ticket Income $90,735
Luxury Box -- Attendance: 923 (92.30%) -- Ticket Income $143,065
Game was played at the Place Banque Scotia.
Total Attendance: 17868 (99.27%)
Total Ticket Income: $1,062,800
Other Income: $159,420
Total Income: $1,222,220

Predators

5 vs 5 Forward 
   Center                   Left Wing                Right Wing               Time % Phy DF OF 
 1 Mikael Granlund          Alexander Ovechkin       Niclas Bergfors          40     0   1  3  
 2 Ryan Kesler              James Van Riemsdyk       Byron Bitz               30     1   1  3  
 3 Andy Miele               Alexander Steen          Brendan Gallagher        20     2   1  2  
 4 Anton Gustafsson         Justin Abdelkader        Adam Burish              10     1   2  2  

5 vs 5 Defense 
   Defense                  Defense                                           Time % Phy DF OF 
 1 Ryan Mcdonagh            Alexander Edler                                   40     1   2  2  
 2 John Moore               Ryan Murray                                       30     1   2  2  
 3 Michal Rozsival          Dmitri Kalinin                                    20     1   3  1  
 4 Ryan Mcdonagh            Alexander Edler                                   10     1   3  1  

PowerPlay Forward 
   Center                   Left Wing                Right Wing               Time % Phy DF OF 
 1 Mikael Granlund          Alexander Ovechkin       Niclas Bergfors          60     1   1  3  
 2 Ryan Kesler              Alexander Steen          Brendan Gallagher        40     1   1  3  

PowerPlay Defense
   Defense                  Defense                                           Time % Phy DF OF 
 1 Ryan Mcdonagh            Alexander Edler                                   51     1   2  2  
 2 John Moore               Ryan Murray                                       49     1   2  2  

Penalty Kill 4 Players Forward 
   Center                   Wing                     Time % Phy DF OF 
 1 Ryan Kesler              Adam Burish              60     1   3  1  
 2 Andy Miele               Byron Bitz               40     1   3  1  

Penalty Kill 4 Players Defense
   Defense                  Defense                  Time % Phy DF OF 
 1 Ryan Mcdonagh            Alexander Edler          60     1   3  1  
 2 John Moore               Michal Rozsival          40     1   3  1  

Penalty Kill - 3 Players Forward 
   Forward                                           Time % Phy DF OF 
 1 Byron Bitz                                        60     1   3  1  
 2 Adam Burish                                       40     1   3  1  

Penalty Kill - 3 Players Defense
   Defense                  Defense                  Time % Phy DF OF 
 1 Ryan Mcdonagh            Alexander Edler          60     1   3  1  
 2 John Moore               Michal Rozsival          40     1   3  1  

4 vs 4 Forward 
   Center                   Wing                     Time % Phy DF OF 
 1 Mikael Granlund          Alexander Ovechkin       60     1   2  2  
 2 Ryan Kesler              Niclas Bergfors          40     1   2  2  

4 vs 4 Defense
   Defense                  Defense                  Time % Phy DF OF 
 1 Ryan Mcdonagh            Alexander Edler          60     1   2  2  
 2 John Moore               Ryan Murray              40     1   2  2  

Last Minutes Offensive
   Center                   Left Wing                Right Wing               Defense                  Defense                  
   Mikael Granlund          Alexander Ovechkin       Niclas Bergfors          Ryan Mcdonagh            Alexander Edler          

Last Minutes Defensive
   Center                   Left Wing                Right Wing               Defense                  Defense                  
   Ryan Kesler              Alexander Ovechkin       Byron Bitz               Ryan Mcdonagh            Alexander Edler          

Goaltenders
Starting : Viktor Fasth             
Backup : Chad Johnson             

Extra Forwards
Normal : Justin Abdelkader, Brendan Gallagher, James Van Riemsdyk - PP : Justin Abdelkader, Brendan Gallagher - PK : Brendan Gallagher
Extra Defensemen
Normal : Michal Rozsival, Ryan Murray, John Moore - PP : Dmitri Kalinin - PK : John Moore, Dmitri Kalinin
Penalty Shots
Alexander Ovechkin, Niclas Bergfors, Ryan Kesler, Andy Miele, Justin Abdelkader

Scratches
None

Senateurs

5 vs 5 Forward 
   Center                   Left Wing                Right Wing               Time % Phy DF OF 
 1 Evgeni Malkin            Thomas Vanek             Colby Armstrong          40     1   2  2  
 2 Daniel Briere            Sergei Kostitsyn         Marian Hossa             30     1   2  2  
 3 Cody Hodgson             Ramzi Abid               Radim Vrbata             20     1   2  2  
 4 Brandon Dubinsky         Chris Kunitz             Martin Erat              10     1   2  2  

5 vs 5 Defense 
   Defense                  Defense                                           Time % Phy DF OF 
 1 Dan Hamhuis              Cody Franson                                      40     1   2  2  
 2 Karl Alzner              Carlo Colaiacovo                                  30     1   2  2  
 3 Vladimir Mihalik         Brooks Orpik                                      20     1   2  2  
 4 Dan Hamhuis              Cody Franson                                      10     1   2  2  

PowerPlay Forward 
   Center                   Left Wing                Right Wing               Time % Phy DF OF 
 1 Evgeni Malkin            Thomas Vanek             Marian Hossa             60     1   2  2  
 2 Daniel Briere            Sergei Kostitsyn         Colby Armstrong          40     1   2  2  

PowerPlay Defense
   Defense                  Defense                                           Time % Phy DF OF 
 1 Dan Hamhuis              Cody Franson                                      60     1   2  2  
 2 Karl Alzner              Carlo Colaiacovo                                  40     1   2  2  

Penalty Kill 4 Players Forward 
   Center                   Wing                     Time % Phy DF OF 
 1 Evgeni Malkin            Daniel Briere            60     1   2  2  
 2 Thomas Vanek             Marian Hossa             40     1   2  2  

Penalty Kill 4 Players Defense
   Defense                  Defense                  Time % Phy DF OF 
 1 Dan Hamhuis              Cody Franson             60     1   2  2  
 2 Karl Alzner              Carlo Colaiacovo         40     1   2  2  

Penalty Kill - 3 Players Forward 
   Forward                                           Time % Phy DF OF 
 1 Evgeni Malkin                                     60     1   2  2  
 2 Daniel Briere                                     40     1   2  2  

Penalty Kill - 3 Players Defense
   Defense                  Defense                  Time % Phy DF OF 
 1 Dan Hamhuis              Cody Franson             60     1   2  2  
 2 Karl Alzner              Carlo Colaiacovo         40     1   2  2  

4 vs 4 Forward 
   Center                   Wing                     Time % Phy DF OF 
 1 Evgeni Malkin            Daniel Briere            60     1   2  2  
 2 Thomas Vanek             Marian Hossa             40     1   2  2  

4 vs 4 Defense
   Defense                  Defense                  Time % Phy DF OF 
 1 Dan Hamhuis              Cody Franson             60     1   2  2  
 2 Karl Alzner              Carlo Colaiacovo         40     1   2  2  

Last Minutes Offensive
   Center                   Left Wing                Right Wing               Defense                  Defense                  
   Evgeni Malkin            Thomas Vanek             Marian Hossa             Dan Hamhuis              Cody Franson             

Last Minutes Defensive
   Center                   Left Wing                Right Wing               Defense                  Defense                  
   Evgeni Malkin            Thomas Vanek             Marian Hossa             Dan Hamhuis              Cody Franson             

Goaltenders
Starting : Ondrej Pavelec           
Backup : Jeff Deslauriers         

Extra Forwards
Normal : Cody Hodgson, Radim Vrbata, Brandon Dubinsky - PP : Cody Hodgson, Radim Vrbata - PK : Brandon Dubinsky
Extra Defensemen
Normal : Vladimir Mihalik, Brooks Orpik, Karl Alzner - PP : Vladimir Mihalik - PK : Brooks Orpik, Karl Alzner
Penalty Shots
Evgeni Malkin, Daniel Briere, Thomas Vanek, Marian Hossa, Colby Armstrong

Scratches
Ian Cole (Healthy)

% Time on Ice - Predators

Lines # - Real PCT - Wanted PCT - Time Play
Normal Forward
1 - 36% - 40% - 16:15
2 - 28% - 30% - 12:36
3 - 19% - 20% - 8:38
4 - 18% - 10% - 8:02
Normal Defense
1 - 40% - 40% - 18:03
2 - 32% - 30% - 14:45
3 - 26% - 20% - 11:40
4 - 2% - 10% - 1:03
PP Forward
1 - 60% - 60% - 3:38
2 - 40% - 40% - 2:28
PP Defense
1 - 57% - 51% - 3:30
2 - 43% - 49% - 2:36
PK Forward
1 - 75% - 60% - 4:55
2 - 25% - 40% - 1:38
PK Defense
1 - 64% - 60% - 4:10
2 - 36% - 40% - 2:23
PK3 Forward
1 - 0% - 60%
2 - 0% - 40%
PK3 Defense
1 - 0% - 60%
2 - 0% - 40%
44 Forward
1 - 100% - 60% - 1:50
2 - 0% - 40% - 0:00
44 Defense
1 - 58% - 60% - 1:04
2 - 42% - 40% - 0:46
Last Minute Offensive  - 0:00
Last Minute Defensive  - 0:00
Total
Forward - 60:00
Defense - 60:00

% Time on Ice - Senateurs

Lines # - Real PCT - Wanted PCT - Time Play
Normal Forward
1 - 32% - 40% - 14:32
2 - 27% - 30% - 11:57
3 - 21% - 20% - 9:15
4 - 20% - 10% - 9:10
Normal Defense
1 - 40% - 40% - 18:04
2 - 33% - 30% - 15:01
3 - 23% - 20% - 10:17
4 - 3% - 10% - 1:32
PP Forward
1 - 59% - 60% - 3:50
2 - 41% - 40% - 2:43
PP Defense
1 - 68% - 60% - 4:27
2 - 32% - 40% - 2:06
PK Forward
1 - 75% - 60% - 4:34
2 - 25% - 40% - 1:32
PK Defense
1 - 62% - 60% - 3:46
2 - 38% - 40% - 2:20
PK3 Forward
1 - 0% - 60%
2 - 0% - 40%
PK3 Defense
1 - 0% - 60%
2 - 0% - 40%
44 Forward
1 - 80% - 60% - 1:28
2 - 20% - 40% - 0:22
44 Defense
1 - 63% - 60% - 1:09
2 - 37% - 40% - 0:41
Last Minute Offensive  - 0:00
Last Minute Defensive  - 0:37
Total
Forward - 60:00
Defense - 60:00

Play-by-Play

1st period


0:01 of 1st period - Evgeni Malkin wins face-off versus Niclas Bergfors in neutral zone.
0:16 of 1st period - Off-side.
0:17 of 1st period - Daniel Briere wins face-off versus Ryan Kesler in neutral zone.
0:31 of 1st period - Wrist shot by Ryan Kesler.
0:31 of 1st period - Stopped by Ondrej Pavelec with a rebound.
0:43 of 1st period - Ryan Murray is hit by Carlo Colaiacovo and loses puck.
1:28 of 1st period - Snap shot by Martin Erat.
1:28 of 1st period - Deflect By Ryan Mcdonagh.
1:28 of 1st period - Shot Misses the Net.
1:28 of 1st period - Puck is out of play.
1:29 of 1st period - Anton Gustafsson wins face-off versus Brandon Dubinsky in Predators zone.
1:49 of 1st period - Wrist shot by Justin Abdelkader.
1:49 of 1st period - Deflect By Brandon Dubinsky.
1:49 of 1st period - Shot Misses the Net.
1:49 of 1st period - Puck is out of play.
1:50 of 1st period - Daniel Briere wins face-off versus Ryan Kesler in Senateurs zone.
1:57 of 1st period - Ryan Kesler is hit by Marian Hossa and loses puck.
2:16 of 1st period - Niclas Bergfors is hit by Colby Armstrong and loses puck.
3:04 of 1st period - Slapshot by Alexander Edler.
3:04 of 1st period - Stopped by Ondrej Pavelec with a rebound.
3:06 of 1st period - Slapshot by Ryan Mcdonagh.
3:06 of 1st period - Stopped by Ondrej Pavelec without a rebound.
3:07 of 1st period - Mikael Granlund wins face-off versus Evgeni Malkin in Senateurs zone.
3:10 of 1st period - Wrist shot by Mikael Granlund.
3:10 of 1st period - Stopped by Ondrej Pavelec with a rebound.
3:12 of 1st period - Slapshot by Dmitri Kalinin.
3:12 of 1st period - Stopped by Ondrej Pavelec with a rebound.
3:16 of 1st period - Snap shot by Alexander Ovechkin.
3:16 of 1st period - Shot Misses the Net.
3:20 of 1st period - Slapshot by Alexander Ovechkin.
3:20 of 1st period - Shot Misses the Net.
3:52 of 1st period - Off-side.
3:53 of 1st period - Andy Miele wins face-off versus Cody Hodgson in neutral zone.
5:00 of 1st period - Cody Franson is hit by Adam Burish.
5:36 of 1st period - Cody Franson is hit by Alexander Steen and loses puck.
6:27 of 1st period - Snap shot by Radim Vrbata.
6:27 of 1st period - Shot Blocked by Michal Rozsival.
6:59 of 1st period - Wrist shot by Thomas Vanek.
6:59 of 1st period - Stopped by Viktor Fasth without a rebound.
7:00 of 1st period - Colby Armstrong wins face-off versus Byron Bitz in Predators zone.
7:05 of 1st period - Wrist shot by Thomas Vanek.
7:05 of 1st period - Shot Misses the Net.
7:17 of 1st period - Vladimir Mihalik is hit by James Van Riemsdyk and loses puck.
7:32 of 1st period - Wrist shot by Daniel Briere.
7:32 of 1st period - Stopped by Viktor Fasth without a rebound.
7:33 of 1st period - Daniel Briere wins face-off versus Mikael Granlund in Predators zone.
7:38 of 1st period - Wrist shot by Daniel Briere.
7:38 of 1st period - Shot Misses the Net.
7:44 of 1st period - Alexander Ovechkin is hit by Karl Alzner and loses puck.
8:04 of 1st period - Snap shot by Sergei Kostitsyn.
8:04 of 1st period - Stopped by Viktor Fasth with a rebound.
8:06 of 1st period - Wrist shot by Marian Hossa.
8:06 of 1st period - Stopped by Viktor Fasth without a rebound.
8:07 of 1st period - Evgeni Malkin wins face-off versus Ryan Kesler in Predators zone.
8:10 of 1st period - Snap shot by Thomas Vanek.
8:10 of 1st period - Deflect By Evgeni Malkin.
8:10 of 1st period - Shot Misses the Net.
8:10 of 1st period - Puck is out of play.
8:11 of 1st period - James Van Riemsdyk wins face-off versus Evgeni Malkin in Predators zone.
8:20 of 1st period - Snap shot by Ryan Kesler.
8:20 of 1st period - Shot Misses the Net.
8:22 of 1st period - Wrist shot by James Van Riemsdyk.
8:22 of 1st period - Stopped by Ondrej Pavelec without a rebound.
8:23 of 1st period - Evgeni Malkin wins face-off versus Mikael Granlund in Senateurs zone.
8:37 of 1st period - Minor Penalty to Alexander Ovechkin for Slashing.
8:38 of 1st period - Ryan Kesler wins face-off versus Evgeni Malkin in Predators zone.
9:54 of 1st period - Snap shot by Evgeni Malkin.
9:54 of 1st period - Stopped by Viktor Fasth with a rebound.
10:02 of 1st period - Slapshot by Evgeni Malkin.
10:02 of 1st period - Stopped by Viktor Fasth with a rebound.
10:04 of 1st period - Snap shot by Cody Franson.
10:04 of 1st period - Shot Blocked by Michal Rozsival.
10:08 of 1st period - Snap shot by Evgeni Malkin.
10:08 of 1st period - Stopped by Viktor Fasth without a rebound.
10:09 of 1st period - Daniel Briere wins face-off versus Ryan Kesler in Predators zone.
10:10 of 1st period - Snap shot by Sergei Kostitsyn.
10:10 of 1st period - Stopped by Viktor Fasth with a rebound.
10:37 of 1st period - Penalty to Alexander Ovechkin is over, Alexander Ovechkin is back on ice.
11:22 of 1st period - Snap shot by Ryan Kesler.
11:22 of 1st period - Shot Misses the Net.
11:26 of 1st period - Backhand shot by Ryan Kesler.
11:26 of 1st period - Shot Misses the Net.
12:40 of 1st period - Snap shot by Mikael Granlund.
12:40 of 1st period - Shot Misses the Net.
14:02 of 1st period - Slapshot by Ryan Kesler.
14:02 of 1st period - Stopped by Ondrej Pavelec without a rebound.
14:03 of 1st period - Colby Armstrong wins face-off versus Mikael Granlund in Senateurs zone.
14:10 of 1st period - Wrist shot by Thomas Vanek.
14:10 of 1st period - Shot Misses the Net.
14:53 of 1st period - Wrist shot by Martin Erat.
14:53 of 1st period - Stopped by Viktor Fasth with a rebound.
14:55 of 1st period - Snap shot by Chris Kunitz.
14:55 of 1st period - Goal by Chris Kunitz - Predators : 0 - Senateurs : 1.
14:56 of 1st period - Niclas Bergfors wins face-off versus Evgeni Malkin in neutral zone.
14:58 of 1st period - Off-side.
14:59 of 1st period - Mikael Granlund wins face-off versus Evgeni Malkin in neutral zone.
15:04 of 1st period - Snap shot by Mikael Granlund.
15:04 of 1st period - Stopped by Ondrej Pavelec with a rebound.
15:06 of 1st period - Snap shot by Mikael Granlund.
15:06 of 1st period - Shot Misses the Net.
15:32 of 1st period - Snap shot by Ramzi Abid.
15:32 of 1st period - Stopped by Viktor Fasth without a rebound.
15:33 of 1st period - Byron Bitz wins face-off versus Cody Hodgson in Predators zone.
15:40 of 1st period - Wrist shot by Radim Vrbata.
15:40 of 1st period - Goal by Radim Vrbata - Predators : 0 - Senateurs : 2.
15:41 of 1st period - Evgeni Malkin wins face-off versus Mikael Granlund in neutral zone.
15:46 of 1st period - Snap shot by Evgeni Malkin.
15:46 of 1st period - Stopped by Viktor Fasth with a rebound.
16:35 of 1st period - Radim Vrbata is hit by Andy Miele and loses puck.
17:12 of 1st period - Sergei Kostitsyn is hit by Byron Bitz and loses puck.
17:31 of 1st period - Mikael Granlund is hit by Brandon Dubinsky.
17:54 of 1st period - Brooks Orpik is hit by Brendan Gallagher and loses puck.
18:22 of 1st period - Off-side.
18:23 of 1st period - Daniel Briere wins face-off versus Ryan Kesler in neutral zone.
18:48 of 1st period - Alexander Edler is hit by Radim Vrbata and loses puck.
19:00 of 1st period - Minor Penalty to Radim Vrbata for High sticking.
19:01 of 1st period - Evgeni Malkin wins face-off versus Alexander Ovechkin in Senateurs zone.
19:31 of 1st period - Wrist shot by Brendan Gallagher.
19:31 of 1st period - Shot Misses the Net.
19:51 of 1st period - Karl Alzner is hit by Alexander Ovechkin.
Goals for this period are 0 for Predators vs 2 for Senateurs.
Shots for this period are 8 for Predators vs 13 for Senateurs.

2nd period


0:01 of 2nd period - Mikael Granlund wins face-off versus Evgeni Malkin in neutral zone.
1:00 of 2nd period - Penalty to Radim Vrbata is over, Radim Vrbata is back on ice.
1:49 of 2nd period - Niclas Bergfors is hit by Evgeni Malkin and loses puck.
2:00 of 2nd period - Dan Hamhuis is hit by Brendan Gallagher and loses puck.
2:50 of 2nd period - Wrist shot by Brandon Dubinsky.
2:50 of 2nd period - Shot Blocked by Dmitri Kalinin.
3:10 of 2nd period - Minor Penalty to Colby Armstrong for Goalie Interference.
3:11 of 2nd period - Mikael Granlund wins face-off versus Evgeni Malkin in Senateurs zone.
3:14 of 2nd period - Snap shot by Alexander Ovechkin.
3:14 of 2nd period - Shot Misses the Net.
3:16 of 2nd period - Slapshot by Niclas Bergfors.
3:16 of 2nd period - Shot Misses the Net.
3:18 of 2nd period - Snap shot by Alexander Ovechkin.
3:18 of 2nd period - Stopped by Ondrej Pavelec with a rebound.
3:20 of 2nd period - Wrist shot by Alexander Ovechkin.
3:20 of 2nd period - Stopped by Ondrej Pavelec without a rebound.
3:21 of 2nd period - Daniel Briere wins face-off versus Mikael Granlund in Senateurs zone.
4:04 of 2nd period - Slapshot by Niclas Bergfors.
4:04 of 2nd period - Deflect By Mikael Granlund.
4:04 of 2nd period - Shot Misses the Net.
4:04 of 2nd period - Puck is out of play.
4:05 of 2nd period - Ryan Kesler wins face-off versus Evgeni Malkin in Senateurs zone.
4:20 of 2nd period - Snap shot by Alexander Steen.
4:20 of 2nd period - Stopped by Ondrej Pavelec without a rebound.
4:21 of 2nd period - Ryan Kesler wins face-off versus Evgeni Malkin in Senateurs zone.
4:44 of 2nd period - Mikael Granlund is hit by Cody Franson and loses puck.
4:51 of 2nd period - Slapshot by Marian Hossa.
4:51 of 2nd period - Stopped by Viktor Fasth with a rebound.
4:53 of 2nd period - Snap shot by Marian Hossa.
4:53 of 2nd period - Stopped by Viktor Fasth without a rebound.
4:54 of 2nd period - Evgeni Malkin wins face-off versus Ryan Kesler in Predators zone.
5:10 of 2nd period - Penalty to Colby Armstrong is over, Colby Armstrong is back on ice.
5:13 of 2nd period - Slapshot by Mikael Granlund.
5:13 of 2nd period - Deflect By Niclas Bergfors.
5:13 of 2nd period - Stopped by Ondrej Pavelec without a rebound.
5:14 of 2nd period - Evgeni Malkin wins face-off versus Mikael Granlund in Senateurs zone.
5:28 of 2nd period - Minor Penalty to Cody Franson for Cross-checking.
5:29 of 2nd period - Mikael Granlund wins face-off versus Evgeni Malkin in Senateurs zone.
5:31 of 2nd period - Wrist shot by Alexander Ovechkin.
5:31 of 2nd period - Shot Misses the Net.
5:37 of 2nd period - Minor Penalty to Alexander Ovechkin for Holding.
5:38 of 2nd period - Evgeni Malkin wins face-off versus Mikael Granlund in Predators zone.
6:22 of 2nd period - Snap shot by Marian Hossa.
6:22 of 2nd period - Stopped by Viktor Fasth with a rebound.
6:24 of 2nd period - Wrist shot by Karl Alzner.
6:24 of 2nd period - Shot Blocked by Brendan Gallagher.
6:26 of 2nd period - Snap shot by Marian Hossa.
6:26 of 2nd period - Stopped by Viktor Fasth with a rebound.
6:28 of 2nd period - Slapshot by Karl Alzner.
6:28 of 2nd period - Shot Misses the Net.
6:30 of 2nd period - Snap shot by Karl Alzner.
6:30 of 2nd period - Stopped by Viktor Fasth with a rebound.
6:32 of 2nd period - Snap shot by Marian Hossa.
6:32 of 2nd period - Stopped by Viktor Fasth with a rebound.
6:52 of 2nd period - Backhand shot by Karl Alzner.
6:52 of 2nd period - Deflect By Ryan Murray.
6:52 of 2nd period - Stopped by Viktor Fasth with a rebound.
6:54 of 2nd period - Slapshot by Carlo Colaiacovo.
6:54 of 2nd period - Stopped by Viktor Fasth with a rebound.
6:56 of 2nd period - Slapshot by Karl Alzner.
6:56 of 2nd period - Stopped by Viktor Fasth without a rebound.
6:57 of 2nd period - Evgeni Malkin wins face-off versus Mikael Granlund in Predators zone.
7:05 of 2nd period - Off-side.
7:06 of 2nd period - Mikael Granlund wins face-off versus Evgeni Malkin in neutral zone.
7:09 of 2nd period - Vladimir Mihalik is hit by Mikael Granlund.
7:28 of 2nd period - Penalty to Cody Franson is over, Cody Franson is back on ice.
7:33 of 2nd period - Slapshot by Cody Franson.
7:33 of 2nd period - Stopped by Viktor Fasth without a rebound.
7:34 of 2nd period - Evgeni Malkin wins face-off versus Ryan Kesler in Predators zone.
7:37 of 2nd period - Penalty to Alexander Ovechkin is over, Alexander Ovechkin is back on ice.
7:57 of 2nd period - Snap shot by Alexander Edler.
7:57 of 2nd period - Shot Blocked by Ramzi Abid.
7:59 of 2nd period - Backhand shot by Andy Miele.
7:59 of 2nd period - Stopped by Ondrej Pavelec without a rebound.
8:00 of 2nd period - Andy Miele wins face-off versus Daniel Briere in Senateurs zone.
8:09 of 2nd period - Snap shot by Brendan Gallagher.
8:09 of 2nd period - Stopped by Ondrej Pavelec without a rebound.
8:10 of 2nd period - Daniel Briere wins face-off versus Mikael Granlund in Senateurs zone.
8:41 of 2nd period - Snap shot by Thomas Vanek.
8:41 of 2nd period - Stopped by Viktor Fasth with a rebound.
8:59 of 2nd period - Ryan Kesler is hit by Brandon Dubinsky and loses puck.
10:08 of 2nd period - Slapshot by Mikael Granlund.
10:08 of 2nd period - Shot Misses the Net.
10:10 of 2nd period - Slapshot by John Moore.
10:10 of 2nd period - Shot Misses the Net.
10:46 of 2nd period - Snap shot by Niclas Bergfors.
10:46 of 2nd period - Stopped by Ondrej Pavelec without a rebound.
10:47 of 2nd period - Evgeni Malkin wins face-off versus Ryan Kesler in Senateurs zone.
11:17 of 2nd period - Chris Kunitz is hit by Ryan Mcdonagh.
12:07 of 2nd period - Snap shot by Adam Burish.
12:07 of 2nd period - Stopped by Ondrej Pavelec with a rebound.
12:09 of 2nd period - Snap shot by Dmitri Kalinin.
12:09 of 2nd period - Stopped by Ondrej Pavelec with a rebound.
12:19 of 2nd period - Wrist shot by Martin Erat.
12:19 of 2nd period - Shot Misses the Net.
12:21 of 2nd period - Slapshot by Vladimir Mihalik.
12:21 of 2nd period - Shot Misses the Net.
12:23 of 2nd period - Snap shot by Vladimir Mihalik.
12:23 of 2nd period - Stopped by Viktor Fasth without a rebound.
12:24 of 2nd period - Andy Miele wins face-off versus Brandon Dubinsky in Predators zone.
12:47 of 2nd period - Slapshot by Niclas Bergfors.
12:47 of 2nd period - Deflect By Mikael Granlund.
12:47 of 2nd period - Shot Misses the Net.
12:47 of 2nd period - Puck is out of play.
12:48 of 2nd period - Mikael Granlund wins face-off versus Evgeni Malkin in Senateurs zone.
13:09 of 2nd period - Minor Penalty to Cody Franson for Hooking.
13:10 of 2nd period - Evgeni Malkin wins face-off versus Niclas Bergfors in Senateurs zone.
15:09 of 2nd period - Penalty to Cody Franson is over, Cody Franson is back on ice.
15:37 of 2nd period - Carlo Colaiacovo is hit by James Van Riemsdyk.
15:43 of 2nd period - Snap shot by Cody Franson.
15:43 of 2nd period - Shot Misses the Net.
15:45 of 2nd period - Slapshot by Karl Alzner.
15:45 of 2nd period - Stopped by Viktor Fasth without a rebound.
15:46 of 2nd period - Evgeni Malkin wins face-off versus Ryan Kesler in Predators zone.
15:59 of 2nd period - Thomas Vanek is hit by Ryan Kesler and loses puck.
16:49 of 2nd period - Slapshot by Andy Miele.
16:49 of 2nd period - Deflect By Alexander Steen.
16:49 of 2nd period - Shot Misses the Net.
16:49 of 2nd period - Puck is out of play.
16:50 of 2nd period - Evgeni Malkin wins face-off versus Alexander Ovechkin in Senateurs zone.
17:39 of 2nd period - Snap shot by Justin Abdelkader.
17:39 of 2nd period - Deflect By Anton Gustafsson.
17:39 of 2nd period - Shot Misses the Net.
17:39 of 2nd period - Puck is out of play.
17:40 of 2nd period - Chris Kunitz wins face-off versus Anton Gustafsson in Senateurs zone.
17:40 of 2nd period - Chris Kunitz is hit by Michal Rozsival.
18:30 of 2nd period - Wrist shot by Justin Abdelkader.
18:30 of 2nd period - Shot Misses the Net.
18:32 of 2nd period - Slapshot by Michal Rozsival.
18:32 of 2nd period - Stopped by Ondrej Pavelec with a rebound.
18:46 of 2nd period - Snap shot by Brandon Dubinsky.
18:46 of 2nd period - Shot Blocked by Dmitri Kalinin.
19:30 of 2nd period - Snap shot by Brandon Dubinsky.
19:30 of 2nd period - Shot Misses the Net.
19:50 of 2nd period - Slapshot by Anton Gustafsson.
19:50 of 2nd period - Shot Blocked by Karl Alzner.
19:52 of 2nd period - Slapshot by Dmitri Kalinin.
19:52 of 2nd period - Stopped by Ondrej Pavelec without a rebound.
19:53 of 2nd period - Mikael Granlund wins face-off versus Evgeni Malkin in Senateurs zone.
19:54 of 2nd period - Snap shot by Alexander Ovechkin.
19:54 of 2nd period - Goal by Alexander Ovechkin - Predators : 1 - Senateurs : 2.
19:55 of 2nd period - Evgeni Malkin wins face-off versus Mikael Granlund in neutral zone.
19:59 of 2nd period - Off-side.
Goals for this period are 1 for Predators vs 0 for Senateurs.
Shots for this period are 12 for Predators vs 13 for Senateurs.

3rd period


0:01 of 3rd period - Mikael Granlund wins face-off versus Evgeni Malkin in neutral zone.
0:45 of 3rd period - Slapshot by Ryan Mcdonagh.
0:45 of 3rd period - Stopped by Ondrej Pavelec without a rebound.
0:46 of 3rd period - Andy Miele wins face-off versus Cody Hodgson in Senateurs zone.
0:47 of 3rd period - Slapshot by Brendan Gallagher.
0:47 of 3rd period - Shot Blocked by Radim Vrbata.
0:53 of 3rd period - Wrist shot by Andy Miele.
0:53 of 3rd period - Shot Blocked by Radim Vrbata.
1:01 of 3rd period - Snap shot by Cody Hodgson.
1:01 of 3rd period - Stopped by Viktor Fasth without a rebound.
1:02 of 3rd period - Evgeni Malkin wins face-off versus Mikael Granlund in Predators zone.
1:07 of 3rd period - Wrist shot by Evgeni Malkin.
1:07 of 3rd period - Stopped by Viktor Fasth without a rebound.
1:08 of 3rd period - Evgeni Malkin wins face-off versus Mikael Granlund in Predators zone.
1:26 of 3rd period - Evgeni Malkin is hit by Alexander Ovechkin and loses puck.
1:39 of 3rd period - Colby Armstrong is hit by Alexander Ovechkin and loses puck.
1:48 of 3rd period - Wrist shot by Mikael Granlund.
1:48 of 3rd period - Stopped by Ondrej Pavelec without a rebound.
1:49 of 3rd period - Daniel Briere wins face-off versus Ryan Kesler in Senateurs zone.
1:59 of 3rd period - Icing by Alexander Edler.
2:00 of 3rd period - Daniel Briere wins face-off versus Ryan Kesler in Predators zone.
2:18 of 3rd period - Icing by Sergei Kostitsyn.
2:19 of 3rd period - Niclas Bergfors wins face-off versus Daniel Briere in Senateurs zone.
2:22 of 3rd period - Slapshot by Mikael Granlund.
2:22 of 3rd period - Shot Misses the Net.
2:43 of 3rd period - Icing by Cody Franson.
2:44 of 3rd period - Ryan Kesler wins face-off versus Evgeni Malkin in Senateurs zone.
3:09 of 3rd period - Cody Hodgson is hit by Niclas Bergfors and loses puck.
3:30 of 3rd period - Alexander Steen is hit by Daniel Briere and loses puck.
3:55 of 3rd period - Snap shot by Anton Gustafsson.
3:55 of 3rd period - Stopped by Ondrej Pavelec without a rebound.
3:56 of 3rd period - Mikael Granlund wins face-off versus Daniel Briere in Senateurs zone.
4:05 of 3rd period - Slapshot by Cody Franson.
4:05 of 3rd period - Stopped by Viktor Fasth without a rebound.
4:06 of 3rd period - Daniel Briere wins face-off versus Mikael Granlund in Predators zone.
4:29 of 3rd period - Niclas Bergfors is hit by Sergei Kostitsyn and loses puck.
4:47 of 3rd period - Off-side.
4:48 of 3rd period - Ryan Kesler wins face-off versus Evgeni Malkin in neutral zone.
5:22 of 3rd period - Wrist shot by Ramzi Abid.
5:22 of 3rd period - Shot Misses the Net.
5:29 of 3rd period - Icing by Alexander Steen.
5:30 of 3rd period - Brandon Dubinsky wins face-off versus Anton Gustafsson in Predators zone.
5:33 of 3rd period - Slapshot by Chris Kunitz.
5:33 of 3rd period - Stopped by Viktor Fasth without a rebound.
5:34 of 3rd period - Brandon Dubinsky wins face-off versus Anton Gustafsson in Predators zone.
5:43 of 3rd period - Wrist shot by Brandon Dubinsky.
5:43 of 3rd period - Stopped by Viktor Fasth without a rebound.
5:44 of 3rd period - Evgeni Malkin wins face-off versus Mikael Granlund in Predators zone.
5:47 of 3rd period - Snap shot by Thomas Vanek.
5:47 of 3rd period - Shot Misses the Net.
5:49 of 3rd period - Wrist shot by Colby Armstrong.
5:49 of 3rd period - Stopped by Viktor Fasth with a rebound.
5:51 of 3rd period - Slapshot by Dan Hamhuis.
5:51 of 3rd period - Stopped by Viktor Fasth with a rebound.
5:53 of 3rd period - Wrist shot by Thomas Vanek.
5:53 of 3rd period - Stopped by Viktor Fasth with a rebound.
5:55 of 3rd period - Slapshot by Dan Hamhuis.
5:55 of 3rd period - Deflect By Evgeni Malkin.
5:55 of 3rd period - Stopped by Viktor Fasth without a rebound.
5:56 of 3rd period - Mikael Granlund wins face-off versus Evgeni Malkin in Predators zone.
6:07 of 3rd period - Snap shot by Alexander Edler.
6:07 of 3rd period - Stopped by Ondrej Pavelec with a rebound.
7:45 of 3rd period - Brooks Orpik is hit by James Van Riemsdyk and loses puck.
7:56 of 3rd period - James Van Riemsdyk is hit by Daniel Briere and loses puck.
8:19 of 3rd period - Slapshot by Brendan Gallagher.
8:19 of 3rd period - Goal by Brendan Gallagher - Predators : 2 - Senateurs : 2.
8:20 of 3rd period - Evgeni Malkin wins face-off versus Mikael Granlund in neutral zone.
8:38 of 3rd period - Minor Penalty to Alexander Edler for Hooking.
8:39 of 3rd period - Ryan Kesler wins face-off versus Evgeni Malkin in Predators zone.
8:39 of 3rd period - Ryan Kesler is hit by Thomas Vanek.
8:57 of 3rd period - Icing by Marian Hossa.
8:58 of 3rd period - Evgeni Malkin wins face-off versus Ryan Kesler in Senateurs zone.
9:40 of 3rd period - Wrist shot by Andy Miele.
9:40 of 3rd period - Shot Blocked by Sergei Kostitsyn.
9:45 of 3rd period - Icing by Colby Armstrong.
9:46 of 3rd period - Ryan Kesler wins face-off versus Daniel Briere in Senateurs zone.
10:38 of 3rd period - Penalty to Alexander Edler is over, Alexander Edler is back on ice.
10:49 of 3rd period - Ryan Kesler is hit by Cody Franson and loses puck.
11:14 of 3rd period - Snap shot by Alexander Ovechkin.
11:14 of 3rd period - Deflect By Niclas Bergfors.
11:14 of 3rd period - Stopped by Ondrej Pavelec without a rebound.
11:15 of 3rd period - Mikael Granlund wins face-off versus Evgeni Malkin in Senateurs zone.
11:33 of 3rd period - Icing by Carlo Colaiacovo.
11:34 of 3rd period - Evgeni Malkin wins face-off versus Andy Miele in Senateurs zone.
11:34 of 3rd period - Evgeni Malkin is hit by Brendan Gallagher.
11:50 of 3rd period - Wrist shot by Andy Miele.
11:50 of 3rd period - Stopped by Ondrej Pavelec without a rebound.
11:51 of 3rd period - Daniel Briere wins face-off versus Mikael Granlund in Senateurs zone.
11:51 of 3rd period - Daniel Briere is hit by Mikael Granlund.
13:04 of 3rd period - Snap shot by Niclas Bergfors.
13:04 of 3rd period - Stopped by Ondrej Pavelec with a rebound.
13:06 of 3rd period - Slapshot by Michal Rozsival.
13:06 of 3rd period - Stopped by Ondrej Pavelec without a rebound.
13:07 of 3rd period - Ryan Kesler wins face-off versus Evgeni Malkin in Senateurs zone.
13:20 of 3rd period - Snap shot by Alexander Edler.
13:20 of 3rd period - Deflect By Ryan Kesler.
13:20 of 3rd period - Stopped by Ondrej Pavelec without a rebound.
13:21 of 3rd period - Evgeni Malkin wins face-off versus Mikael Granlund in Senateurs zone.
13:32 of 3rd period - Wrist shot by Thomas Vanek.
13:32 of 3rd period - Goal by Thomas Vanek - Predators : 2 - Senateurs : 3.
13:33 of 3rd period - Evgeni Malkin wins face-off versus Mikael Granlund in neutral zone.
13:45 of 3rd period - Slapshot by Evgeni Malkin.
13:45 of 3rd period - Shot Blocked by Alexander Edler.
13:47 of 3rd period - Snap shot by Colby Armstrong.
13:47 of 3rd period - Deflect By Thomas Vanek.
13:47 of 3rd period - Shot Misses the Net.
13:47 of 3rd period - Puck is out of play.
13:48 of 3rd period - Ryan Kesler wins face-off versus Daniel Briere in Predators zone.
13:50 of 3rd period - Minor Penalty to James Van Riemsdyk for Hooking.
13:51 of 3rd period - Ryan Kesler wins face-off versus Evgeni Malkin in Predators zone.
14:23 of 3rd period - Alexander Edler is hit by Sergei Kostitsyn and loses puck.
15:50 of 3rd period - Penalty to James Van Riemsdyk is over, James Van Riemsdyk is back on ice.
16:00 of 3rd period - Wrist shot by Chris Kunitz.
16:00 of 3rd period - Shot Misses the Net.
16:08 of 3rd period - Slapshot by Martin Erat.
16:08 of 3rd period - Stopped by Viktor Fasth without a rebound.
16:09 of 3rd period - Andy Miele wins face-off versus Cody Hodgson in Predators zone.
16:14 of 3rd period - Carlo Colaiacovo is hit by Alexander Steen and loses puck.
16:19 of 3rd period - Wrist shot by Brendan Gallagher.
16:19 of 3rd period - Shot Misses the Net.
16:35 of 3rd period - Chris Kunitz is hit by Ryan Kesler and loses puck.
16:42 of 3rd period - Snap shot by Carlo Colaiacovo.
16:42 of 3rd period - Stopped by Viktor Fasth with a rebound.
17:11 of 3rd period - Brandon Dubinsky is hit by Michal Rozsival and loses puck.
17:24 of 3rd period - Slapshot by Cody Franson.
17:24 of 3rd period - Stopped by Viktor Fasth with a rebound.
17:26 of 3rd period - Snap shot by Chris Kunitz.
17:26 of 3rd period - Stopped by Viktor Fasth without a rebound.
17:27 of 3rd period - Mikael Granlund wins face-off versus Radim Vrbata in Predators zone.
18:02 of 3rd period - Thomas Vanek is hit by Alexander Steen and loses puck.
18:49 of 3rd period - Evgeni Malkin is hit by James Van Riemsdyk and loses puck.
19:32 of 3rd period - Minor Penalty to Byron Bitz for Roughing.
19:33 of 3rd period - Daniel Briere wins face-off versus Brendan Gallagher in Predators zone.
19:59 of 3rd period - Colby Armstrong is hit by Adam Burish and loses puck.
Goals for this period are 1 for Predators vs 1 for Senateurs.
Shots for this period are 10 for Predators vs 14 for Senateurs.